Map: Emerald City LE

Players

Massa

  • Race: Terran Terran
  • League: Gold
  • Spawn Location: 5:00

qqq

  • Race: Zerg Zerg
  • League: Platinum
  • Spawn Location: 5:00

Kefaem - Winner!

  • Race: Terran Terran
  • League: Platinum
  • Spawn Location: 11:00

IIIIIIIIIIII - Winner!

  • Race: Protoss Protoss
  • League: Silver
  • Spawn Location: 11:00

VOD

Have the link to the VOD?

Description

Time

  • Played on: June 3, 2020, 12:51 p.m.
  • Length: 8:30
Show
View Real Time Build Order
Export as new Build Order

Massa Terran 

Build Orders:  

Get SALT Encoding   

  12  0:11  Supply Depot  
  12  0:15  SCV  
  13  0:27  SCV  
  14  0:35  Barracks  
  14  0:39  SCV  
  15  0:51  SCV  
  16  1:04  SCV  
  17  1:18  SCV  
  18  1:24  Supply Depot  
  18  1:30  SCV  
  19  1:42  SCV  
  21  1:54  SCV  
  21  1:57  Barracks  
  21  2:02  Barracks  
  21  2:03  Barracks  
  21  2:06  Refinery  
  21  2:14  Marine  
  21  2:20  Orbital Command  
  21  2:29  Supply Depot  
  21  2:32  Marine  
  22  2:50  Marine x4  
  26  2:52  Supply Depot  
  26  3:07  Marine  
  26  3:08  Marine x3  
  30  3:15  Supply Depot  
  30  3:25  Marine  
  31  3:30  Marine x2  
  31  3:31  Marine  
  34  3:43  Marine  
  34  3:47  Factory  
  34  3:48  Marine x3  
  38  4:01  Marine  
  39  4:06  Marine x2  
  42  4:18  Barracks Tech Lab  
  42  4:19  Marine  
  42  4:24  Marine x2  
  44  4:33  Command Center  
  40  4:55  Marine x2  
  40  4:56  Marine x2  
  41  5:13  Marine x3  
  43  5:14  Marauder  
  43  5:31  Marine x2  
  43  5:32  Factory Tech Lab  
  47  5:35  Marauder  
  40  6:04  Engineering Bay  
  40  6:06  Cyclone, Marine  
  40  6:07  Marine x2  
  40  6:11  Marine  
  38  6:24  Marine x3  
  34  6:29  Marine  
  30  6:38  Cyclone, SCV  
  29  6:42  Marine x3  
  25  6:59  Marine  
  25  7:00  Marine x2  
  7  7:17  Marine  
  7  7:18  Marine x2  
Show
View Real Time Build Order
Export as new Build Order

qqq Zerg 

Build Orders: Hatch First 

Get SALT Encoding   

  12  0:04  Drone  
  13  0:08  Drone  
  14  0:36  Hatchery  
  14  0:41  Overlord  
  13  0:45  Drone  
  14  0:53  Extractor, Drone  
  14  1:18  Spawning Pool  
  13  1:28  Drone x2, Overlord  
  15  1:40  Drone  
  16  1:52  Drone  
  17  2:05  Drone  
  17  2:07  Zergling x4  
  17  2:08  Queen  
  20  2:10  Metabolic Boost  
  22  2:18  Zergling x2  
  22  2:21  Drone  
  22  2:22  Drone  
  25  2:25  Zergling x2  
  26  2:31  Drone  
  27  2:37  Zergling x2  
  27  2:44  Roach Warren  
  27  2:50  Overlord  
  27  2:52  Zergling x2  
  28  2:59  Zergling x2  
  28  3:02  Drone  
  30  3:05  Zergling x2  
  30  3:22  Zergling x8  
  30  3:23  Drone x2  
  36  3:32  Roach  
  36  3:34  Drone  
  39  3:41  Queen  
  39  3:42  Drone  
  39  3:44  Overlord  
  39  3:47  Drone  
  43  4:07  Drone  
  43  4:09  Roach  
  46  4:10  Roach  
  46  4:13  Drone  
  49  4:18  Hatchery  
  49  4:21  Roach  
  49  4:22  Overlord  
  46  4:50  Roach x2  
  46  4:51  Drone x2, Roach  
  46  4:52  Roach  
  50  5:13  Roach x2  
  57  5:14  Roach x2  
  57  5:27  Roach  
  59  5:29  Drone  
  58  5:40  Lair  
  58  5:45  Spore Crawler x2  
  58  5:47  Spore Crawler  
  55  5:50  Spore Crawler  
  55  5:55  Spore Crawler  
  55  5:56  Spore Crawler  
  50  5:57  Spore Crawler  
  50  5:58  Spore Crawler  
  46  6:09  Zergling x8  
  46  6:10  Drone, Zergling x2  
  46  6:11  Drone x2, Zergling x8  
  54  6:12  Zergling x2  
  51  6:51  Drone x3, Spire  
  51  6:54  Zergling x12  
  53  6:55  Zergling x6  
  57  7:12  Overseer  
  57  7:14  Pneumatized Carapace  
  57  7:22  Spine Crawler  
  56  7:25  Drone, Spine Crawler  
  56  7:26  Drone x2  
  56  7:28  Drone x2  
  60  7:31  Zergling x2  
  55  7:53  Spore Crawler  
  47  8:19  Extractor  
  38  8:22  Extractor  
Show
View Real Time Build Order
Export as new Build Order

Kefaem Terran - Winner!

Build Orders:  

Get SALT Encoding   

  12  0:01  SCV  
  13  0:13  SCV  
  14  0:22  Supply Depot  
  14  0:25  SCV  
  15  0:43  SCV  
  15  0:44  Refinery  
  15  0:47  Barracks  
  16  0:55  SCV  
  17  1:02  Refinery  
  17  1:07  SCV  
  18  1:20  SCV  
  18  1:47  Marine  
  19  1:54  Orbital Command, Factory  
  19  2:08  Supply Depot  
  19  2:14  Marine  
  20  2:21  SCV  
  21  2:32  Marine  
  21  2:33  SCV  
  23  2:41  Starport  
  23  2:43  Factory Tech Lab  
  23  2:45  SCV  
  23  2:50  Marine  
  25  2:57  SCV  
  26  3:01  Supply Depot  
  26  3:08  Marine  
  26  3:09  SCV  
  28  3:13  Cyclone  
  31  3:22  SCV  
  31  3:23  Fusion Core  
  32  3:29  Marine  
  33  3:35  SCV  
  34  3:47  Marine  
  35  3:51  SCV  
  36  3:59  Factory Reactor  
  36  4:03  Supply Depot  
  36  4:13  Supply Depot  
  36  4:25  Battlecruiser  
  36  4:28  Supply Depot  
  42  4:33  Supply Depot  
  42  4:41  Hellion x2  
  36  5:02  Hellion x2  
  35  5:29  Battlecruiser  
  43  5:50  Hellion x2  
  37  6:46  Battlecruiser  
  39  6:50  SCV  
  39  6:53  Command Center  
  34  7:02  SCV  
  35  7:14  SCV  
  36  7:30  SCV  
  36  7:33  Supply Depot  
  37  7:42  SCV  
  38  7:47  Refinery  
  33  7:55  SCV  
  20  8:07  SCV  
Show
View Real Time Build Order
Export as new Build Order

IIIIIIIIIIII Protoss - Winner!

Build Orders: Dark Templar Rush 

Get SALT Encoding   

  12  0:01  Probe  
  13  0:13  Probe  
  14  0:17  Pylon  
  14  0:25  Probe (Chrono Boost)  
  15  0:38  Probe (Chrono Boost)  
  15  0:40  Gateway  
  16  0:43  Probe (Chrono Boost)  
  16  0:49  Assimilator  
  17  0:56  Probe  
  18  1:08  Probe (Chrono Boost)  
  19  1:20  Probe (Chrono Boost)  
  20  1:26  Probe (Chrono Boost), Cybernetics Core  
  21  1:34  Probe  
  22  1:49  Nexus  
  22  1:52  Pylon  
  22  2:08  Stalker (Chrono Boost)  
  24  2:15  Warp Gate  
  24  2:19  Assimilator  
  24  2:21  Pylon  
  24  2:22  Probe  
  25  2:34  Probe  
  26  2:43  Twilight Council  
  26  2:46  Probe  
  27  2:59  Probe  
  27  3:01  Probe  
  29  3:10  Gateway x2  
  29  3:11  Probe  
  30  3:13  Probe  
  31  3:22  Robotics Facility  
  31  3:26  Dark Shrine  
  31  3:34  Gateway  
  29  3:42  Assimilator  
  29  3:46  Gateway  
  29  3:48  Gateway  
  29  3:58  Probe x2  
  31  4:05  Stalker  
  31  4:07  Stalker  
  35  4:13  Warp Prism (Chrono Boost)  
  37  4:22  Probe x2  
  39  4:34  Probe x2  
  37  4:39  Adept x2  
  37  4:42  Adept  
  42  4:55  Adept x2  
  37  5:03  Adept x2  
  21  5:45  Probe x2  
  23  5:57  Probe x2  
  25  6:17  Dark Templar x3  
  25  6:18  Dark Templar  
  33  6:34  Probe  
  33  6:35  Probe  
  35  6:47  Probe x2  
  36  6:52  Dark Templar x2  
  41  6:57  Dark Templar  
  41  6:59  Probe x2  
  45  7:14  Dark Templar x2  
  49  7:37  Zealot  
  49  7:38  Zealot  
Tags
 
Add a new tag
Caveats
  • Supply blocks, unpowered buildings, or Contaminate may cause inaccurate times.
  • Supply counts are checked every 10 seconds.